 Dungeon Crawl Stone Soup version 0.25-a0-277-g7046ed1b37 (webtiles) character file.

Game seed: 13377653226709762596, levelgen mode: deterministic

130502 Cyclic the Warrior (level 16, -23/134 HPs)
             Began as a Black Draconian Fighter on Dec 8, 2019.
             Was the Champion of Hepliaklqana.
             Annihilated by an Ice Fiend (24 damage)
             ... in an ice cave on Dec 9, 2019.
             The game lasted 01:57:14 (37281 turns).

Cyclic the Warrior (Black Draconian Fighter)       Turns: 37281, Time: 01:57:14

Health: -23/134    AC: 20    Str: 20    XL:     16   Next: 53%
Magic:  31/31      EV: 21    Int: 13    God:    Hepliaklqana [******]
Gold:   2712       SH: 20    Dex: 17    Spells: 12/19 levels left

rFire    + . .     SeeInvis .   b - +7 scimitar (slice)
rCold    + . .     Gourm    .   w - +2 shield
rNeg     . . .     Faith    .   (armour unavailable)
rPois    .         Spirit   .   O - +3 hat of Pondering {ponderous, MR+ MP+10 Int+5}
rElec    +         Reflect  +   M - scarf {rC+ rF+}
rCorr    .         Harm     .   v - +2 pair of gloves
MR       ++...                  B - +0 pair of boots
Stlth    +++.......             C - +5 amulet of reflection
HPRegen  0.32/turn              g - +4 ring of protection
MPRegen  0.22/turn              T - ring of wizardry

@: flying, slow
A: breathe lightning, unfitting armour, reduced essence, big wings, horns 1,
electricity resistance, wild magic 1, cold-blooded, AC +9
a: Breathe Lightning, Stop Flying, Recall Ancestor, Ancestor Identity,
Transference, Idealise, Renounce Religion


You were in an ice cave.
You worshipped Hepliaklqana.
Hepliaklqana was exalted by your worship.
You were not hungry.

You visited 5 branches of the dungeon, and saw 26 of its levels.
You also visited: Ice Cave.

You collected 3310 gold pieces.
You spent 598 gold pieces at shops.

Inventory:

Hand Weapons
 a - the +5 demon blade "Lifebane" {freeze, rN+}
   (You took it off an orc knight on level 2 of the Orcish Mines)

   It has been specially enchanted to freeze those struck by it, causing extra
   injury to most foes and up to half again as much damage against particularly
   susceptible opponents.
   It can also slow down cold-blooded creatures.
   It protects you from negative energy.
 b - a +7 scimitar of slicing (weapon)
 x - a +1 scimitar of flaming
Missiles
 f - 8 silver boomerangs
 h - 5 javelins
 y - 23 poisoned darts
 A - 2 curare-tipped darts
 G - 53 boomerangs (quivered)
Armour
 v - a +2 pair of gloves (worn)
 w - a +2 shield (worn)
 B - a +0 pair of boots (worn)
 M - a scarf of resistance (worn)
 N - a +2 hat
 O - the +3 hat of Pondering (worn) {ponderous, MR+ MP+10 Int+5}
   (You took it off Gastronok on level 12 of the Dungeon)

   It affects your intelligence (+5).
   It affects your resistance to hostile enchantments.
   It affects your magic capacity (+10).
 W - a scarf of spirit shield
Jewellery
 g - a +4 ring of protection (left hand)
 m - an uncursed ring of see invisible
 o - an uncursed ring of protection from magic
 p - an uncursed ring of positive energy
 s - an uncursed ring of resist corrosion
 u - the ring of Tozxock {rPois rF+ MP+9}
   (You bought it in a shop on level 6 of the Dungeon)

   [ring of magical power]

   It protects you from fire.
   It protects you from poison.
   It affects your magic capacity (+9).
 C - a +5 amulet of reflection (around neck)
 Q - the ring "Lilolylu" {MR+ Int+2}
   (You found it on level 2 of the Orcish Mines)

   [ring of protection from magic]

   It affects your intelligence (+2).
   It affects your resistance to hostile enchantments.
 T - a ring of wizardry (right hand)
 Z - an uncursed ring of fire
Wands
 k - a wand of paralysis (31)
 l - a wand of enslavement (15)
 D - a wand of acid (15)
 L - a wand of digging (11)
 X - a wand of iceblast (7)
Scrolls
 n - 10 scrolls of remove curse
 E - 4 scrolls of teleportation
 P - 2 scrolls of fog
 R - 3 scrolls of magic mapping
 U - 10 scrolls of identify
Potions
 c - 3 potions of might
 e - 5 potions of invisibility
 i - 2 potions of brilliance
 q - 9 potions of curing
 z - 6 potions of heal wounds
 F - a potion of magic
 H - 7 potions of agility
 J - 3 potions of cancellation
 S - a potion of berserk rage
 V - 6 potions of haste
Miscellaneous
 j - a sack of spiders
 I - a lightning rod (3/4)
Comestibles
 d - 46 rations


   Skills:
 + Level 15.2 Fighting
 - Level 14.0 Long Blades
 + Level 8.0 Throwing
 + Level 13.0 Dodging
 - Level 4.1 Stealth
 - Level 13.0 Shields
 * Level 2.4 Spellcasting
 * Level 0.3 Charms
 * Level 1.1 Necromancy
 * Level 2.7 Translocations
 * Level 0.1 Transmutations
 * Level 0.8 Earth Magic
 * Level 7.8 Invocations
 + Level 3.1 Evocations


You had 12 spell levels left.
You knew the following spells:

 Your Spells              Type           Power        Failure   Level  Hunger
a - Blink                 Tloc           N/A          9%          2    ###....
b - Passwall              Tmut/Erth      #.......     21%         2    ###....
c - Regeneration          Chrm/Necr      #.........   32%         3    ###....

Your spell library contained the following spells:

 Spells                   Type           Power        Failure   Level  Hunger
 Animate Skeleton         Necr           N/A          11%         1    #......
 Pain                     Necr           #...         11%         1    #......
 Sandblast                Erth           #.....       12%         1    #......
 Confusing Touch          Hex            #.....       16%         1    #......
 Freeze                   Ice            #...         16%         1    #......
 Magic Dart               Conj           #...         16%         1    #......
 Gell's Gravitas          Tloc           ##........   16%         3    ###....
 Corpse Rot               Necr/Air       N/A          21%         2    ###....
 Call Imp                 Summ           #.......     24%         2    ###....
 Searing Ray              Conj           #.....       24%         2    ###....
 Slow                     Hex            #.......     24%         2    ###....
 Vampiric Draining        Necr           #.........   28%         3    ###....
 Stone Arrow              Conj/Erth      #.....       36%         3    ###....
 Ozocubu's Armour         Chrm/Ice       #.......     38%         3    ###....
 Confuse                  Hex            #.......     41%         3    ###....
 Conjure Flame            Conj/Fire      #.......     41%         3    ###....
 Dazzling Flash           Conj/Hex       #.....       41%         3    ###....
 Mephitic Cloud           Conj/Pois/Air  #.......     41%         3    ###....
 Iskenderun's Mystic Bla  Conj/Tloc      #.......     58%         4    #####..
 Animate Dead             Necr           N/A          63%         4    #####..
 Petrify                  Tmut/Erth      #.......     71%         4    #####..
 Fulminant Prism          Conj/Hex       #.........   78%         4    #####..
 Hailstorm                Conj/Ice       #.......     78%         4    #####..
 Summon Ice Beast         Ice/Summ       #.......     78%         4    #####..
 Summon Forest            Summ/Tloc      #.........   89%         5    ######.
 Lee's Rapid Deconstruct  Erth           #.........   94%         5    ######.
 Yara's Violent Unravell  Hex/Tmut       #.........   97%         5    ######.
 Metabolic Englaciation   Hex/Ice        #.........   98%         5    ######.
 Eringya's Noxious Bog    Tmut/Pois      #.........   100%        6    #######
 Hydra Form               Tmut           #.........   100%        6    #######
 Summon Hydra             Summ           #.........   100%        7    #######


Dungeon Overview and Level Annotations

Branches:
Dungeon (15/15)            Temple (1/1) D:5            Lair (6/6) D:9
 Shoals (0/4) Lair:3        Snake (2/4) Lair:3        Slime (0/5) Lair:5
    Orc (2/2) D:9             Elf (0/3) Orc:2        Vaults (0/5) D:14
 Depths (0/5) D:15          IceCv (1/1)

Altars:
Ashenzari
Cheibriados
Dithmenos
Elyvilon
Fedhas
Gozag
Hepliaklqana
Kikubaaqudgha
Makhleb
Nemelex Xobeh
Okawaru
Qazlal
Ru
Sif Muna
Trog
Uskayaw
Vehumet
Wu Jian
Xom
Yredelemnul
Zin
The Shining One
Beogh

Shops:
D:5 *=(%   D:6 =   D:10 }   Orc:1 *   Orc:2 (:!!   Snake:1 %

Annotations:
D:1 exclusion: downstairs
D:2 exclusion: downstairs
D:3 exclusion: 2 downstairs
D:6 exclusion: downstairs
D:8 exclusion: 2 downstairs
D:9 pompous's ghost, journeyman NaFE
D:10 exclusion: 2 downstairs
D:11 exclusion: downstairs
D:12 exclusion: downstairs
D:13 exclusion: downstairs
D:14 Rupert
Lair:3 exclusion: 4 oklob plants


Innate Abilities, Weirdness & Mutations

You can breathe wild blasts of lightning.
Your glossy black scales are hard. (AC +9)
You cannot fit into any form of body armour.
Your large and strong wings let you fly indefinitely.
You are resistant to electric shocks. (rElec)
You are cold-blooded and may be slowed by cold attacks.
Your life essence is reduced to manifest your ancestor. (-10% HP)
You have a pair of small horns on your head.
Your spells are a little harder to cast, but a little more powerful.


Message History

Sextus hits the Ice Fiend but does no damage.
The Ice Fiend claws Sextus.
The Ice Fiend freezes Sextus!!
Sextus resists.
The Ice Fiend barely misses Sextus.
You catch the helpless Ice Fiend completely off-guard!
You slice the Ice Fiend!!
The Ice Fiend is almost dead.
Sextus is engulfed in freezing vapours.
Sextus hits the Ice Fiend with a +0 dagger of draining.
Unknown command.
You hit the Ice Fiend but do no damage.
The Ice Fiend is almost dead.
The Ice Fiend barely misses you.
You riposte.
You barely miss the Ice Fiend. Your headbutt misses the Ice Fiend.
You tail-slap the Ice Fiend, but do no damage.
The Ice Fiend is almost dead.
The Ice Fiend claws you!
* * * LOW HITPOINT WARNING * * *
The Ice Fiend freezes you!! You resist.
You die...

##########
#######...##..@#
#..#...##...##R1.#
##..#..##########....#
.#####..##≈≈≈≈≈≈##.....#
≈..##..##≈≈≈≈≈≈≈≈##....#
##...###≈≈≈≈≈≈≈### ..###
≈#####≈≈≈≈≈≈#### ##
#≈≈#≈≈≈###### ≈≈≈≈≈≈##


You could see the friendly Sextus the hexer and an Ice Fiend.

Vanquished Creatures
  Jorgrun (Orc:2)
  Kirke (D:15)
  An orc warlord (Orc:2)
  3 naga warriors (Snake:1)
  Erolcha (Orc:2)
  7 hydras
  2 anacondas (Snake:1)
  7 centaur warriors
  An ogre mage (Orc:2)
  2 dancing weapons (D:14)
  A tengu warrior (D:15)
  A two-headed ogre (Orc:1)
  A deep troll earth mage (D:12)
  4 death yaks (Lair:4)
  2 shock serpents (Snake:1)
  A naga sharpshooter (Snake:1)
  Urug (Lair:5)
  Nergalle (Lair:3)
  6 unseen horrors
  3 naga ritualists
  6 orc knights (Orc:2)
  A deep elf mage (D:14)
  5 cyclopes
  5 mana vipers
  6 ugly things
  3 manticores
  9 orc sorcerers (Orc:2)
  A wolf spider (Lair:6)
  2 elephants (Lair:2)
  A guardian serpent (Lair:6)
  4 naga magi
  Joseph (D:7)
  26 black mambas
  A guardian serpent (shapeshifter) (D:15)
  An ice statue (IceCv)
  A torpor snail (Lair:4)
  9 spiny frogs
  A gargoyle (D:15)
  7 centaur skeletons
  5 komodo dragons
  3 freezing wraiths (IceCv)
  4 rime drakes
  A yaktaur (D:15)
  A kobold demonologist (D:15)
  An efreet (D:12)
  7 ice devils (IceCv)
  A tengu conjurer (D:15)
  3 anaconda simulacra (IceCv)
  A queen bee (D:12)
  10 trolls
  3 meliai (D:12)
  4 hornets
  A polar bear (Lair:3)
  7 blink frogs (Lair:6)
  4 hippogriffs
  3 dream sheep (Lair:6)
  3 wolf spider simulacra
  A hippogriff (shapeshifter) (D:15)
  3 slime creatures
  A redback (Lair:6)
  A spriggan (shapeshifter) (D:14)
  A spriggan (Lair:3)
  3 dire elephant simulacra (IceCv)
  A vampire (D:13)
  6 basilisks
  38 yaks
  13 wyverns
  2 hungry ghosts
  5 hogs (D:13)
  2 steam dragons
  7 vampire mosquitoes
  3 wargs
  4 iron troll simulacra (IceCv)
  2 harpy simulacra (IceCv)
  An acid dragon (D:11)
  A hydra simulacrum (IceCv)
  A soldier ant (D:10)
  14 nagas
  18 water moccasins
  Duvessa (D:6)
  25 orc warriors
  9 porcupines
  4 sky beasts
  A hornet zombie (D:14)
  An ettin simulacrum (IceCv)
  3 black bears
  A phantom (D:8)
  13 ogres
  45 wolves
  14 centaurs
  18 crocodiles
  A big kobold (D:13)
  17 bullfrogs
  2 wyvern skeletons
  4 scorpions
  Dowan (D:6)
  27 killer bees (D:12)
  7 wights
  2 hexers
  5 howler monkeys
  6 crimson imps
  4 centaur zombies
  2 quasits
  9 hounds
  2 jellies
  2 bullfrog zombies (D:12)
  12 orc priests
  A bullfrog skeleton (D:8)
  2 iguanas
  31 orc wizards
  A spriggan simulacrum (IceCv)
  A polar bear simulacrum (IceCv)
  2 troll simulacra (IceCv)
  12 worker ants
  A wolf simulacrum (IceCv)
  2 centaur simulacra (IceCv)
  A hound zombie (D:5)
  14 adders
  3 gnolls (D:5)
  A naga simulacrum (IceCv)
  3 ogre simulacra (IceCv)
  2 shadow imps
  A white imp (IceCv)
  6 ufetubi (IceCv)
  An adder zombie (D:4)
  2 adder skeletons
  5 worms
  3 leopard geckos
  73 orcs
  3 ball pythons
  3 giant cockroaches (D:1)
  3 goblins
  8 hobgoblins
  7 jackals
  14 kobolds
  4 quokkas
  5 bats (D:1)
  3 frilled lizards
  A giant cockroach zombie (D:5)
  A quokka skeleton (D:8)
  2 rats
787 creatures vanquished.

Vanquished Creatures (collateral kills)
  Gastronok (D:12)
  A yaktaur captain (D:15)
  An ice dragon (D:12)
  A hydra (Lair:5)
  A death yak (Lair:4)
  2 tengu warriors (D:13)
  A two-headed ogre (D:10)
  A shock serpent (Snake:1)
  2 unseen horrors (D:12)
  An orc sorcerer (Orc:1)
  2 ugly things (D:15)
  A cyclops (D:15)
  3 black mambas
  2 elephants
  2 spiny frogs
  2 komodo dragons
  A polar bear (Lair:5)
  A troll (D:13)
  A hornet (Lair:6)
  3 blink frogs (Lair:6)
  3 dream sheep (Lair:6)
  A hippogriff (Lair:3)
  A slime creature (D:13)
  4 yaks
  A wyvern (Lair:6)
  3 hungry ghosts
  A naga (Snake:1)
  A porcupine (Lair:2)
  3 water moccasins
  A hydra simulacrum (IceCv)
  2 orc warriors
  2 ice beasts
  A sky beast (D:10)
  An eye of draining (D:13)
  3 wolves
  A necrophage (D:11)
  A centaur (D:11)
  3 crocodiles
  A big kobold (D:10)
  A bullfrog (D:13)
  A wyvern zombie (D:7)
  A water moccasin skeleton (D:7)
  2 hexers
  2 killer bees (D:12)
  A wight (D:7)
  A bullfrog zombie (D:7)
  A draconian simulacrum (IceCv)
  A hound (D:9)
  5 orc priests
  2 centaur zombies
  2 jellies
  9 orc wizards
  An iguana (D:5)
  3 worker ants
  A hound zombie (D:6)
  A gnoll (D:5)
  An adder (D:7)
  A white imp (IceCv)
  An ufetubus (IceCv)
  8 orcs
  A giant cockroach (D:5)
  2 kobolds (D:13)
113 creatures vanquished.

Vanquished Creatures (others)
  A stone giant (Orc:2)
  A centaur warrior (D:15)
  A centaur (D:14)
  A killer bee (D:12)
  2 orc wizards (Orc:2)
  18 hexers
  4 ancestors
  2 ufetubi (IceCv)
  An orc (D:11)
  19 fungi
  30 plants
80 creatures vanquished.

Grand Total: 980 creatures vanquished

Notes
Turn   | Place    | Note
-------+----------+-------------------------------------------
     0 | D:1      | Cyclic the Draconian Fighter began the quest for the Orb.
     0 | D:1      | Reached XP level 1. HP: 19/19 MP: 1/1
   182 | D:1      | Reached XP level 2. HP: 26/26 MP: 2/2
  1084 | D:2      | Found a basalt altar of Yredelemnul.
  1140 | D:2      | Reached XP level 3. HP: 29/31 MP: 3/3
  1483 | D:2      | Found a white marble altar of Elyvilon.
  3022 | D:3      | Reached XP level 4. HP: 40/40 MP: 4/4
  3146 | D:3      | Noticed an orc warrior
  3774 | D:4      | Reached skill level 4 in Fighting
  3774 | D:4      | Reached XP level 5. HP: 46/46 MP: 5/5
  3912 | D:4      | Noticed an ogre
  4025 | D:4      | Reached skill level 1 in Throwing
  4166 | D:4      | Reached XP level 6. HP: 52/52 MP: 6/6
  5395 | D:5      | Entered Level 5 of the Dungeon
  5911 | D:5      | Found a staircase to the Ecumenical Temple.
  5927 | D:5      | Found Xoageoh's Assorted Antiques.
  5933 | Temple   | Entered the Ecumenical Temple
  5985 | Temple   | Became a worshipper of Hepliaklqana the Forgotten
  6128 | D:5      | Found Luad Foh's Jewellery Boutique.
  6502 | D:5      | Found Ydanoete's Food Emporium.
  6566 | D:5      | Found Poreda's Antique Weapon Boutique.
  6574 | D:5      | Bought a glowing scimitar for 140 gold pieces
  7327 | D:6      | Reached skill level 5 in Long Blades
  7327 | D:6      | Your scales start taking on a glossy black colour.
  7327 | D:6      | Reached XP level 7. HP: 52/54 MP: 7/7
  7327 | D:6      | Gained mutation: You are resistant to electric shocks.
                  | (rElec) [Black Draconian growth]
  7337 | D:6      | Noticed Dowan
  7340 | D:6      | Noticed Duvessa
  7341 | D:6      | Killed Dowan
  7350 | D:6      | Killed Duvessa
  7578 | D:6      | Found an ornate altar of the Wu Jian Council.
  7614 | D:6      | Reached * piety under Hepliaklqana
  7795 | D:6      | Reached skill level 5 in Shields
  7883 | D:6      | Found Pivoypamp's Jewellery Shoppe.
  7925 | D:6      | Reached XP level 8. HP: 60/60 MP: 8/8
  7950 | D:6      | Found a shadowy altar of Dithmenos.
  8060 | D:6      | Found an opulent altar of Gozag.
  8068 | D:6      | Reached skill level 5 in Fighting
  8071 | D:6      | Found a glowing silver altar of Zin.
  8072 | D:6      | Found a blossoming altar of Fedhas.
  8075 | D:6      | Found a shimmering altar of Xom.
  8077 | D:6      | Found an ancient bone altar of Kikubaaqudgha.
  8558 | D:7      | Reached skill level 5 in Dodging
  8968 | D:7      | Noticed Joseph
  8993 | D:7      | Killed Joseph
  9231 | D:7      | Reached XP level 9. HP: 62/67 MP: 9/9
  9516 | D:7      | Reached skill level 6 in Fighting
 10395 | D:8      | Gained mutation: You have large cloven feet. [potion of
                  | mutation]
 10395 | D:8      | Gained mutation: Your muscles are strong. (Str +2) [potion
                  | of mutation]
 10395 | D:8      | Gained mutation: You are somewhat resistant to further
                  | mutation. [potion of mutation]
 10396 | D:8      | Lost mutation: You have large cloven feet. [potion of
                  | mutation]
 10396 | D:8      | Lost mutation: You are somewhat resistant to further
                  | mutation. [potion of mutation]
 10396 | D:8      | Lost mutation: Your muscles are strong. (Str +2) [potion of
                  | mutation]
 10396 | D:8      | Gained mutation: Your body sometimes deteriorates upon
                  | taking damage. [potion of mutation]
 10396 | D:8      | Gained mutation: You are agile. (Dex +2) [potion of
                  | mutation]
 10397 | D:8      | Lost mutation: Your body sometimes deteriorates upon taking
                  | damage. [potion of mutation]
 10397 | D:8      | Lost mutation: You are agile. (Dex +2) [potion of mutation]
 10397 | D:8      | Gained mutation: Your spells are a little harder to cast,
                  | but a little more powerful. [potion of mutation]
 10397 | D:8      | Gained mutation: You have a pair of small horns on your
                  | head. [potion of mutation]
 10748 | D:9      | Found a staircase to the Orcish Mines.
 11360 | D:9      | Reached XP level 10. HP: 40/75 MP: 10/10
 11629 | D:9      | Reached ** piety under Hepliaklqana
 11630 | D:9      | Remembered your ancestor Sextus as a hexer
 11675 | D:9      | Found a bloodstained altar of Trog.
 11709 | D:9      | Reached skill level 10 in Long Blades
 12065 | D:9      | Reached skill level 7 in Fighting
 12435 | D:9      | Found a staircase to the Lair.
 12514 | D:10     | Entered Level 10 of the Dungeon
 12590 | D:10     | Noticed a two-headed ogre
 12599 | D:10     | Killed a two-headed ogre
 12715 | D:10     | Found Ongitic's Gadget Shoppe.
 12765 | D:10     | Reached XP level 11. HP: 78/83 MP: 11/11
 13629 | D:11     | Noticed a white ugly thing
 13642 | D:11     | Killed a white ugly thing
 13655 | D:11     | Reached skill level 8 in Fighting
 13828 | D:11     | Noticed a white ugly thing
 13875 | D:11     | Killed a white ugly thing
 13930 | D:11     | Reached skill level 5 in Throwing
 14541 | D:11     | Reached *** piety under Hepliaklqana
 14837 | D:12     | Killed an unseen horror
 15228 | D:12     | Noticed Gastronok
 15250 | D:12     | Killed Gastronok
 15250 | D:12     | Reached XP level 12. HP: 70/92 MP: 12/12
 15300 | D:12     | Learned a level 2 spell: Blink
 16048 | D:12     | Reached skill level 10 in Shields
 16049 | D:12     | Noticed a deep troll earth mage
 16072 | D:12     | Killed a deep troll earth mage
 16236 | D:12     | Reached skill level 9 in Fighting
 16383 | D:11     | Reached skill level 1 in Evocations
 16564 | D:12     | Noticed an ice dragon
 17276 | D:13     | Noticed Kirke
 17311 | D:13     | Noticed a tengu warrior
 17320 | D:13     | Noticed a tengu warrior
 17333 | D:13     | Killed a tengu warrior
 17406 | D:13     | Reached **** piety under Hepliaklqana
 17406 | D:13     | Noticed a centaur warrior
 17416 | D:13     | Killed a centaur warrior
 17860 | D:13     | Reached XP level 13. HP: 97/100 MP: 13/13
 18539 | D:14     | Found a gate to the Vaults.
 18611 | D:14     | Reached skill level 10 in Fighting
 18883 | D:14     | Noticed Rupert
 20103 | D:15     | Entered Level 15 of the Dungeon
 20481 | D:15     | Killed Kirke
 20670 | D:15     | Found a staircase to the Depths.
 20679 | D:15     | Reached skill level 11 in Fighting
 20798 | D:15     | Gained mutation: Your large and strong wings let you fly
                  | indefinitely. [Black Draconian growth]
 20798 | D:15     | Reached XP level 14. HP: 111/111 MP: 13/15
 20892 | D:15     | Reached skill level 1 in Invocations
 21432 | Lair:1   | Entered Level 1 of the Lair of Beasts
 21706 | Lair:1   | Reached ***** piety under Hepliaklqana
 22970 | Lair:2   | Reached skill level 10 in Dodging
 23020 | Lair:2   | Reached skill level 12 in Fighting
 23494 | Lair:3   | Noticed Nergalle
 23513 | Lair:3   | Killed Nergalle
 23563 | Lair:3   | Found a staircase to the Snake Pit.
 23676 | Lair:3   | Found a staircase to the Shoals.
 25009 | Lair:4   | Reached skill level 5 in Invocations
 26217 | Lair:4   | Reached XP level 15. HP: 74/120 MP: 12/19
 26609 | Lair:5   | Reached ****** piety under Hepliaklqana
 26649 | Lair:5   | Noticed Urug
 26663 | Lair:5   | Killed Urug
 26887 | Lair:5   | Reached skill level 13 in Fighting
 27477 | Lair:5   | Found a staircase to the Slime Pits.
 27646 | Lair:6   | Entered Level 6 of the Lair of Beasts
 28022 | Lair:6   | Reached skill level 1 in Stealth
 29925 | Orc:1    | Entered Level 1 of the Orcish Mines
 29925 | Orc:1    | Found a roughly hewn altar of Beogh.
 30069 | Orc:1    | Reached skill level 14 in Fighting
 30266 | Orc:1    | Found Owule's General Store.
 30486 | Orc:2    | Entered Level 2 of the Orcish Mines
 30820 | Orc:2    | Noticed an orc warlord
 30866 | Orc:2    | Killed an orc warlord
 31289 | Orc:2    | Found a staircase to the Elven Halls.
 31311 | Orc:2    | Found a runed translucent gate.
 31312 | Orc:2    | Found a runed translucent gate.
 31313 | Orc:2    | Found a runed translucent gate.
 31318 | Orc:2    | Noticed Jorgrun
 31320 | Orc:2    | Noticed pompous's ghost (journeyman NaFE)
 31329 | Orc:2    | Killed Jorgrun
 31332 | Orc:2    | Found a roughly hewn altar of Beogh.
 31333 | Orc:2    | Identified the +5 demon blade "Lifebane" {freeze, rN+}
 31399 | Orc:2    | Noticed Erolcha
 31401 | Orc:2    | Found a radiant altar of Vehumet.
 31415 | Orc:2    | Killed Erolcha
 31902 | Orc:2    | Found an ancient bone altar of Kikubaaqudgha.
 31961 | Orc:2    | Found Josiacs's Distillery.
 32000 | Orc:2    | Found Feguryq's Distillery.
 32000 | Orc:2    | Found Soda's Antique Weapon Shoppe.
 32000 | Orc:2    | Found a roughly hewn altar of Beogh.
 32020 | Orc:2    | Found Esiuluque's Book Shoppe.
 32327 | Orc:2    | Learned a level 2 spell: Passwall
 32331 | Orc:2    | Learned a level 3 spell: Regeneration
 32331 | Orc:2    | Upgraded the game from 0.25-a0-265-g7af84ae0ac to
                  | 0.25-a0-277-g7046ed1b37
 32470 | Orc:2    | Reached XP level 16. HP: 86/132 MP: 14/21
 33500 | Orc:2    | Got a heavily runed bronze ring
 33501 | Orc:2    | Identified the ring "Lilolylu" {MR+ Int+2} (You found it on
                  | level 2 of the Orcish Mines)
 33770 | D:6      | Bought the ring of Tozxock {rPois rF+ MP+9} for 458 gold
                  | pieces
 34102 | Snake:1  | Entered Level 1 of the Snake Pit
 34192 | Snake:1  | Found Waneer Vekle's Food Shop.
 34445 | Snake:1  | Reached skill level 1 in Translocations
 34458 | Snake:1  | Reached skill level 1 in Spellcasting
 34548 | Snake:1  | Reached skill level 15 in Fighting
 34864 | Snake:1  | Found an ornate altar of the Wu Jian Council.
 34872 | Snake:1  | Identified the +2 great sword of Gallantry {protect, rF+
                  | Str+2 Dex+5} (You found it on level 1 of the Snake Pit)
 35427 | Snake:2  | Found a frozen archway.
 35555 | IceCv    | Entered an ice cave
 36429 | IceCv    | Noticed an Ice Fiend
 37187 | IceCv    | Reached skill level 1 in Necromancy
 37281 | IceCv    | HP: 1/134 [Ice Fiend (15)]
 37281 | IceCv    | Annihilated by an Ice Fiend

Levels and vault maps discovered:
D:1:      minmay_arrival_glassed_features, layout_basic
D:2:      layout_basic, kennysheep_ying_yang
D:3:      layout_basic, first_ration
D:4:      layout_basic, kennysheep_generic_room_9, uniq_menkaure
D:5:      layout_loops_corners, temple_fountains, serial_shops,
          nicolae_shop_statue_plus, nicolae_shop_trees, shop, shop
D:6:      layout_loops_ring, lemuel_round_altar, minitemple, lemuel_round_altar,
          serial_shops, shop, uniq_duvessa
D:7:      layout_cave_pools, uniq_joseph
D:8:      layout_basic
D:9:      layout_long_grid, erik_lair_dragon, orc_0_dummy, basic_altar
D:10:     layout_small_grid, serial_shops, shop, hangedman_pestilent_swarm
D:11:     layout_rooms, serial_bayou_pond_e
D:12:     regret_index_bee_streams, layout_irregular_city,
          minmay_fractal_squares_5, uniq_gastronok
D:13:     layout_rooms, uniq_kirke
D:14:     layout_loops_corners, erik_vaults_1, serial_glass, glass_columns_a,
          glass_columns_b, uniq_rupert
D:15:     grunt_enter_depths_snipers, layout_basic, minmay_misc_feat_columns
Temple:   cyrus_circular_temple
Lair:1:   layout_hall_layers, eino_small_chamber_without_monster,
          grunt_megastairs_4, infiniplex_staircase_pool_2
Lair:2:   layout_roguey, lemuel_fruit_tree, grunt_megastairs_5
Lair:3:   layout_regular_city, shoals_dummy_entry, guppyfry_snake_entry_island,
          chequers_serial_rivers_small_b, grunt_forest_large_clearings,
          grunt_megastairs_3, minmay_lair_oklob_chamber, uniq_nergalle
Lair:4:   layout_cave_shapes, beast_lair_carwin_1
Lair:5:   layout_cave_pods, slime_dummy, uniq_urug
Lair:6:   hangedman_lair_tendril_chambers, layout_cave_pods,
          serial_bayou_shore_b
Snake:1:  layout_grid_maze, basic_altar, serial_shops, shop
Snake:2:  layout_basic, portal_ice_cave_entry_pillars_1, drop_trap,
          nicolae_snake_serpentine_hallways, serial_bayou_pond_d
Orc:1:    layout_caves, basic_altar, serial_shops, nicolae_shop_behind_doors
Orc:2:    kennysheep_orc_mage_school, layout_caves, biasface_ghost_orc_armoury,
          uniq_jorgrun
IceCv:    ice_cave_caverns_03

Skill      XL: |  1  2  3  4  5  6  7  8  9 10 11 12 13 14 15 16 |
---------------+-------------------------------------------------+-----
Dodging        | 3 4 5 6 7 8 9 11 12 13 | 13.0
Long Blades    | 3 4 5 7 9 11 12 13 14 | 14.0
Fighting       | 4 5 6 7 8 9 11 12 14 15 | 15.2
Throwing       | 1 2 3 4 5 6 7 8 |  8.0
Shields        | 4 5 7 8 9 11 12 13 | 13.0
Evocations     | 1 3 |  3.1
Invocations    | 5 6 7 |  7.8
Stealth        | 4 |  4.1
Translocations | 2 |  2.7
Spellcasting   | 2 |  2.4
Necromancy     | 1 |  1.1
Charms         | |  0.3
Transmutations | |  0.1
Earth Magic    | |  0.8

Action                   |  1- 3 |  4- 6 |  7- 9 | 10-12 | 13-15 | 16-18 || total
-------------------------+-------+-------+-------+-------+-------+-------++-------
Melee: Long sword        |   113 |   152 |       |       |   916 |    39 ||  1220
       Tailslap          |     9 |    34 |    39 |   106 |   292 |    84 ||   564
       Scimitar          |       |    26 |   269 |   538 |   462 |   154 ||  1449
       Headbutt          |       |       |    12 |   128 |   429 |   103 ||   672
       Demon blade       |       |       |       |       |       |   172 ||   172
Throw: Dart              |     3 |    26 |    17 |   104 |    33 |    10 ||   193
       Boomerang         |       |       |       |       |    21 |     6 ||    27
 Cast: Regeneration      |       |       |       |       |       |     2 ||     2
Invok: Ancestor Life: He |       |       |       |     1 |       |       ||     1
       Recall Ancestor   |       |       |       |     3 |     1 |     7 ||    11
 Abil: Breathe Lightning |       |       |     2 |     4 |     9 |     2 ||    17
       Fly               |       |       |       |       |     1 |       ||     1
Evoke: Wand              |       |       |       |     6 |    15 |     1 ||    22
       Lightning rod     |       |       |       |       |     4 |     4 ||     8
  Use: Potion            |     2 |     2 |    10 |       |     1 |       ||    15
       Scroll            |       |     5 |     5 |    10 |     7 |     8 ||    35
 Stab: Sleeping          |     1 |     2 |       |       |     2 |     7 ||    12
       Distracted        |     1 |       |     4 |    11 |    14 |     4 ||    34
       Invisible         |       |       |     1 |       |       |       ||     1
       Confused          |       |       |       |     4 |     7 |     2 ||    13
       Paralysed         |       |       |       |       |    13 |     6 ||    19
  Eat: Chunk             |     7 |     8 |     8 |    16 |    40 |    10 ||    89
       Ration            |       |     1 |     2 |     2 |     3 |     2 ||    10
Armor: Skin              |    32 |    53 |    60 |   105 |   113 |    30 ||   393
Dodge: Dodged            |    61 |    80 |   120 |   201 |   401 |    91 ||   954
Block: Shield            |    62 |    83 |   109 |   435 |  1115 |   224 ||  2028
       Reflection        |       |       |       |    12 |    57 |    16 ||    85
       Rpst.: Long sword |    21 |    21 |       |       |    73 |       ||   115
       Scimitar          |       |     5 |    31 |    51 |    33 |     8 ||   128
       Demon blade       |       |       |       |       |       |     6 ||     6

Table legend:
 A = Non-vault XP
 B = Vault XP
 C = Vault XP percentage of total XP
 D = Non-vault monster count
 E = Vault monster count
 F = Vault count percentage of total count
                 A         B        C        D         E       F
            +---------+---------+-------+---------+---------+-------
      Total |  121678 |   64754 |  34.7 |     636 |     263 |  29.3
            +---------+---------+-------+---------+---------+-------
        D:1 |      40 |       0 |   0.0 |      21 |       0 |   0.0
        D:2 |      30 |       0 |   0.0 |       9 |       0 |   0.0
        D:3 |      48 |       0 |   0.0 |      14 |       0 |   0.0
        D:4 |     335 |       0 |   0.0 |      13 |       0 |   0.0
        D:5 |     256 |       0 |   0.0 |      13 |       0 |   0.0
        D:6 |     732 |     216 |  22.8 |      25 |       2 |   7.4
        D:7 |    1923 |     455 |  19.1 |      34 |       1 |   2.9
        D:8 |     565 |       0 |   0.0 |      14 |       0 |   0.0
        D:9 |    1937 |     879 |  31.2 |      35 |       6 |  14.6
       D:10 |    4467 |     480 |   9.7 |      33 |       4 |  10.8
       D:11 |    5675 |       0 |   0.0 |      49 |       0 |   0.0
       D:12 |    2578 |   11762 |  82.0 |      10 |      58 |  85.3
       D:13 |    7586 |     960 |  11.2 |      28 |       5 |  15.2
       D:14 |    9815 |    1808 |  15.6 |      31 |       2 |   6.1
       D:15 |   12217 |    4462 |  26.8 |      28 |       4 |  12.5
     Lair:1 |    2265 |     153 |   6.3 |      10 |       1 |   9.1
     Lair:2 |    7635 |     717 |   8.6 |      33 |       3 |   8.3
     Lair:3 |    4870 |    6005 |  55.2 |      24 |      37 |  60.7
     Lair:4 |    7966 |    5354 |  40.2 |      26 |       8 |  23.5
     Lair:5 |    3463 |     824 |  19.2 |      14 |       1 |   6.7
     Lair:6 |   11989 |    9551 |  44.3 |      44 |      34 |  43.6
    Snake:1 |   19060 |       0 |   0.0 |      40 |       0 |   0.0
    Snake:2 |    4034 |       0 |   0.0 |       8 |       0 |   0.0
      Orc:1 |    3648 |       0 |   0.0 |      28 |       0 |   0.0
      Orc:2 |    8544 |   13247 |  60.8 |      52 |      48 |  48.0
      IceCv |       0 |    7881 | 100.0 |       0 |      49 | 100.0
            +---------+---------+-------+---------+---------+-------
